 Dungeon Crawl Stone Soup version 0.18.1-6-gd335043 (webtiles) character file.

262886 epen the Phalangite (level 20, -27/157 HPs)
             Began as a Merfolk Berserker on May 17, 2016.
             Was a Priest of the Shining One.
             Annihilated by a reaper
             ... wielding a +2 scythe of protection
              (30 damage)
             ... in a wizard's laboratory.
             The game lasted 01:54:25 (49878 turns).

epen the Phalangite (Merfolk Berserker)            Turns: 49878, Time: 01:54:27

Health: -27/157    AC: 34    Str: 25    XL:     20   Next: 41%
Magic:  11/26      EV: 16    Int:  7    God:    the Shining One [***...]
Gold:   2039       SH: 20    Dex: 15    Spells: 0 memorised, 19 levels left

rFire  + + +     SeeInvis +     O - +7 trident of Trog's Delight {pierce, rPois rF++ Dex-5 SInv}
rCold  . . .     Gourm    +     G - +4 plate armour
rNeg   + + +     Faith    .     C - +1 buckler {AC+3}
rPois  +         Spirit   .     X - +2 hat "Lyipy Raumu" {rPois rF+ MR+}
rElec  .         Dismiss  .     H - +1 cloak of Inviolability {rF+ Dex-3 SInv}
rCorr  .         Reflect  .     o - +2 pair of gloves {Dex+3}
SustAt .         Harm     .     Z - +1 pair of boots {run}
MR     +++..     Clarity  +     h - amulet "Fixkam" {Gourm rF+ rN++}
Stlth  +.........               V - ring of protection from magic
                                m - +6 ring of dexterity

@: divine shield, about to teleport, glowing, studying Invocations, quick,
extremely resistant to hostile enchantments, very unstealthy
A: change form in water, swift swim, molten scales 1, clarity, low mp 1, sense
surroundings 1
a: Divine Shield, Renounce Religion
}: 1/15 runes: decaying


You were in a wizard's laboratory.
You worshipped the Shining One.
The Shining One was most pleased with you.
You were very full.

You visited 7 branches of the dungeon, and saw 36 of its levels.
You also visited: Labyrinth, Ice Cave and Wizlab.

You collected 3633 gold pieces.
You spent 1594 gold pieces at shops.

Inventory:

Hand Weapons
 d - a +6 demon trident of electrocution
 O - the +7 trident of Trog's Delight (weapon) {pierce, rPois rF++ Dex-5 SInv}
   (Trog gifted it to you on level 9 of the Dungeon)

   It inflicts extra damage upon your enemies.
   It affects your dexterity (-5).
   It greatly protects you from fire.
   It protects you from poison.
   It lets you see invisible.
Armour
 o - a +2 pair of gloves of dexterity (worn)
 C - a +1 buckler of protection (worn)
 G - a +4 plate armour (worn)
 H - the +1 cloak of Inviolability (worn) {rF+ Dex-3 SInv}
   (You found it in an ice cave)

   It affects your dexterity (-3).
   It protects you from fire.
   It lets you see invisible.
 X - the +2 hat "Lyipy Raumu" (worn) {rPois rF+ MR+}
   (You acquired it in a wizard's laboratory)

   It protects you from fire.
   It protects you from poison.
   It affects your resistance to hostile enchantments.
 Z - a +1 pair of boots of running (worn)
Jewellery
 h - the amulet "Fixkam" (around neck) {Gourm rF+ rN++}
   (You found it on level 4 of the Swamp)

   [amulet of the gourmand]

   It allows you to eat raw meat even when not hungry.
   It protects you from fire.
   It greatly protects you from negative energy.
 i - a +5 ring of protection {unknown}
 m - a +6 ring of dexterity (left hand)
 p - an uncursed ring of wizardry {unknown}
 J - an uncursed ring of flight {unknown}
 Q - the ring "Biot Xal" {Int+4 Stlth+}
   (You found it in a labyrinth)

   [ring of stealth]

   It affects your intelligence (+4).
   It makes you more stealthy.
 V - a ring of protection from magic (right hand)
 Y - a +5 ring of strength
Wands
 q - a wand of teleportation (0/9)
 u - a wand of digging (10/24)
 D - a wand of iceblast (7/15)
 P - a wand of iceblast (4/15)
Scrolls
 a - a scroll of amnesia
 r - 7 scrolls of enchant armour
 t - 2 scrolls of magic mapping
 w - a scroll of fog
 y - 2 scrolls of teleportation
 z - 16 scrolls of remove curse
 A - 7 scrolls of identify
 W - 2 scrolls of fear
Potions
 e - 3 potions of berserk rage
 f - a potion of ambrosia
 g - a potion of resistance
 k - 3 potions of lignification
 n - 2 potions of magic
 s - 6 potions of cancellation
 v - 3 potions of might
 x - a potion of invisibility
 B - 3 potions of brilliance
 E - a potion of agility
 L - 4 potions of haste
 M - 2 potions of cure mutation
 T - 5 potions of flight
 U - 17 potions of curing
Books
 S - a manual of Invocations
Miscellaneous
 b - a box of beasts {used: 1}
 I - a phial of floods
 N - a phial of floods
 R - a sack of spiders {used: 8}
Comestibles
 c - 16 bread rations
 j - 15 meat rations
 l - 25 fruits
 F - a royal jelly
 K - 7 beef jerkies


   Skills:
 + Level 13.5 Fighting
 * Level 21.9 Polearms
 * Level 13.2 Armour
 + Level 15.6 Dodging
 - Level 15.4 Stealth
 * Level 11.4 Shields
 + Level 13.1 Invocations
 + Level 10.9 Evocations


You had 19 spell levels left.
You didn't know any spells.

Dungeon Overview and Level Annotations

Branches:
Dungeon (15/15)            Temple (1/1) D:4            Lair (8/8) D:9
  Swamp (4/4) Lair:5       Spider (0/4) Lair:5        Slime (0/6) Lair:8
    Orc (2/2) D:12            Elf (3/3) Orc:2        Vaults (3/5) D:13
  Crypt (0/3) Vaults:3     Depths (0/5) D:15

Altars:
Ashenzari
Cheibriados
Dithmenos
Elyvilon
Fedhas
Gozag
Kikubaaqudgha
Makhleb
Nemelex Xobeh
Okawaru
Pakellas
Qazlal
Ru
Sif Muna
Trog
Vehumet
Xom
Yredelemnul
Zin
The Shining One
Jiyva
Lugonu

Shops:
D:6 [   D:13 *   D:15 [   Orc:2 %![*   Elf:2 !   Vaults:1 (

Annotations:
Elf:2 3 runed doors
Elf:3 Aizul


Innate Abilities, Weirdness & Mutations

You revert to your normal form in water.
You are very nimble and swift while swimming.
You are partially covered in molten scales (AC +1).
You possess an exceptional clarity of mind.
Your magical capacity is low (-10% MP).
You passively map a small area around you.


Message History

Read which item? (? for menu, Esc to quit)
As you read the scroll of teleportation, it crumbles to dust.
You feel strangely unstable.
The ufetubus disappears in a puff of smoke!
You block the Executioner's attack. x2
The Executioner hits you but does no damage.
You block the ufetubus's attack. The ufetubus hits you.
* * * LOW HITPOINT WARNING * * *
The Executioner hits you but does no damage. x2
The Executioner misses you. The reaper closely misses you.
The sun demon hits you!
* * * LOW HITPOINT WARNING * * *
You are engulfed in flames.
You resist.
* * * LOW HITPOINT WARNING * * *
The lorocyproca hits you!!
* * * LOW HITPOINT WARNING * * *
You feel your power leaking away. The ufetubus closely misses you.
You block the ufetubus's attack.
The reaper hits you with a scythe of protection!!
You die...

....###....# #........##
.......................##
.#.#...##...............##
.#,#...# .......?........#
..##...##................##
..........................#
#...###...................#
#...#?....4?...3.3........#
#...#.........52@5........#
..........3...5221........#
.###.........52255.......##
.# .....?....355.........#
.###....................##
.......................##
....#.................##
.....?..............###
....#.............###


You could see a lorocyproca (invisible), 2 reapers, an Executioner, a blizzard
demon, a sun demon, an ice devil, a smoke demon, a tormentor, a ynoxinul, a
chaos spawn and 8 ufetubi.

Vanquished Creatures
  the Lernaean hydra (Swamp:4)
  2 deep elf blademasters (Elf:3)
  2 deep elf master archers (Elf:3)
  A sphinx (Vaults:3)
  Kirke (Lair:5)
  4 thorn hunters
  A storm dragon (Vaults:2)
  A fire giant (Vaults:3)
  A frost giant (Vaults:2)
  5 deep elf sorcerers
  A cacodemon (WizLab)
  5 vault wardens
  An emperor scorpion (D:15)
  7 ironheart preservers
  2 deep elf elementalists (Elf:3)
  4 stone giants
  A salamander stormcaller (Vaults:2)
  6 deep elf demonologists
  2 dire elephants
  5 deep elf annihilators (Elf:3)
  Snorg (Orc:1)
  4 deep elf death magi
  A minotaur (Lab)
  An ettin (Orc:2)
  A fire dragon (Vaults:2)
  6 yaktaur captains
  2 deep elf high priests (Elf:3)
  2 vault guards
  3 great orbs of eyes
  Fannar (Lair:1)
  22 hydras
  2 rakshasas (Vaults:2)
  Erica (D:8)
  A catoblepas (Lair:8)
  An ice dragon (Vaults:2)
  5 centaur warriors
  16 dancing weapons
  A ghost crab (Swamp:3)
  11 alligators
  3 ogre magi
  3 deep troll earth magi
  2 deep troll shamans
  7 death yaks
  4 orc high priests
  3 sun demons (WizLab)
  A soul eater (WizLab)
  13 deep elf knights
  A fire crab (Vaults:1)
  10 swamp dragons
  An unseen horror (D:15)
  5 skeletal warriors (D:13)
  6 deep trolls
  7 hill giants
  15 deep elf archers
  8 ironbrand convokers
  7 harpies (Vaults:2)
  A shambling mangrove (Swamp:3)
  43 deep elf magi
  3 necromancers
  7 orc knights
  3 ugly things
  2 orc sorcerers (Orc:1)
  A manticore (D:15)
  3 wolf spiders
  5 griffons
  4 hornets
  5 cyclopes
  2 elephants (shapeshifter) (Vaults:2)
  A salamander (D:15)
  2 black mambas
  33 elephants
  A centaur zombie (D:13)
  7 vault sentinels
  Psyche (D:9)
  3 ice statues (IceCv)
  A torpor snail (Lair:4)
  16 spiny frogs
  3 freezing wraiths
  8 komodo dragons
  4 kobold demonologists
  9 ice devils (IceCv)
  10 trolls
  22 yaktaurs
  2 minotaur zombies (Lab)
  A queen bee (shapeshifter) (Vaults:2)
  3 giant leeches
  4 two-headed ogres
  A polar bear (Lair:8)
  7 blink frogs
  A boulder beetle (Vaults:3)
  A two-headed ogre (shapeshifter) (Vaults:1)
  12 slime creatures
  13 bog bodies
  9 spriggans
  3 air elementals (Elf:3)
  4 water elementals
  3 redbacks
  3 shadows
  2 wyverns
  A wraith (D:13)
  A vampire (D:14)
  A ynoxinul (WizLab)
  55 yaks
  4 fire elementals
  A yak (shapeshifter) (D:12)
  A basilisk (shapeshifter) (Vaults:1)
  8 hippogriffs
  6 basilisks
  Grum (D:9)
  26 vampire mosquitoes
  3 hungry ghosts
  3 hogs (Lair:5)
  A yaktaur simulacrum (Vaults:2)
  19 swamp worms
  Menkaure (D:5)
  A mottled dragon (D:14)
  A human simulacrum (Vaults:2)
  33 insubstantial wisps
  2 soldier ants
  A warg (Orc:1)
  18 water moccasins
  A hornet simulacrum (Vaults:1)
  42 orc warriors
  10 porcupines
  11 ice beasts
  5 black bears
  3 phantoms
  14 swamp drakes
  3 sky beasts
  An eye of draining (shapeshifter) (Elf:1)
  16 wasps
  An eye of draining (D:9)
  A necrophage (D:13)
  4 boggarts
  19 ogres
  11 centaurs
  28 wolves
  16 crocodiles
  3 big kobolds
  A wyvern zombie (D:11)
  21 giant frogs
  2 earth elementals
  A wyvern skeleton (D:14)
  7 scorpions
  A killer bee (shapeshifter) (Vaults:1)
  7 killer bees (D:10)
  7 wights
  2 howler monkeys
  An electric eel (Lair:2)
  10 crimson imps
  A wasp zombie (D:7)
  2 quasits
  A draconian simulacrum (IceCv)
  3 giant frog zombies
  4 jellies
  34 orc priests
  15 two-headed ogre zombies (Orc:1)
  5 hounds
  2 centaur skeletons
  4 giant frog skeletons
  13 iguanas
  29 orc wizards
  12 worker ants
  A polar bear simulacrum (Lair:4)
  3 troll simulacra (IceCv)
  2 yak simulacra (Lair:4)
  A spriggan simulacrum (IceCv)
  2 wolf simulacra (Lair:4)
  40 sheep
  A killer bee zombie (D:10)
  2 centaur simulacra (IceCv)
  A hound zombie (D:11)
  A hound skeleton (D:10)
  Robin (D:2)
  A worker ant zombie (D:7)
  15 adders
  3 gnolls (D:4)
  16 river rats
  2 naga simulacra (IceCv)
  An ogre simulacrum (IceCv)
  2 shadow imps
  10 oozes
  An adder skeleton (D:9)
  5 worms
  3 dart slugs
  6 giant geckos
  140 orcs
  4 giant cockroaches
  11 goblins
  15 hobgoblins
  22 jackals
  16 kobolds
  10 quokkas
  A ball python (D:2)
  11 bats
  A giant gecko zombie (D:6)
  6 giant newts
  15 rats
  2 river rat simulacra (Lair:4)
  3 briar patches
  2 plants
1441 creatures vanquished.

Vanquished Creatures (collateral kills)
  A vault warden (Vaults:1)
  The ghost of dadoka the Nimble, a journeyman DsGl of Okawaru (Orc:2)
  An orc warlord (Orc:1)
  A deep elf annihilator (Elf:3)
  A hydra (Lair:4)
  A dancing weapon (Elf:2)
  2 centaur warriors
  4 orc high priests (Orc:2)
  A spriggan (Swamp:4)
  A swamp dragon (Swamp:4)
  A wizard (Vaults:1)
  2 deep elf archers
  An ironbrand convoker (Vaults:1)
  5 orc knights (Orc:2)
  A hill giant (Vaults:1)
  4 deep elf magi
  A manticore (D:15)
  A hornet (shapeshifter) (Vaults:1)
  A centaur skeleton (D:15)
  A kobold demonologist (Vaults:1)
  8 yaktaurs
  Grinder (D:5)
  A slime creature (Vaults:1)
  A shadow (D:15)
  2 hogs (Lair:5)
  3 yaks (Lair:4)
  A wasp (Swamp:4)
  2 swamp drakes (Swamp:4)
  14 orc warriors
  3 ogres
  2 centaurs (Vaults:1)
  2 boggarts (D:15)
  6 orc priests (Orc:2)
  An iguana (Lair:1)
  2 wolf simulacra (Lair:4)
  9 orcs
  2 river rat simulacra (Lair:4)
  2 briar patches (Swamp:1)
94 creatures vanquished.

Vanquished Creatures (others)
  2 deep elf elementalists
  A centaur warrior (D:13)
  An alligator (Swamp:3)
  A swamp dragon (Swamp:1)
  A spiny frog (Swamp:3)
  A giant leech (Swamp:3)
  2 spriggans
  A human (Lair:8)
  A swamp drake (Swamp:3)
  A wasp (Swamp:3)
  A centaur (D:14)
  10 briar patches (Swamp:3)
  6 demonic plants (D:13)
  80 fungi
  23 plants
132 creatures vanquished.

Grand Total: 1667 creatures vanquished

Notes
Turn   | Place    | Note
--------------------------------------------------------------
     0 | D:1      | epen the Merfolk Berserker began the quest for the Orb.
     0 | D:1      | Reached XP level 1. HP: 18/18 MP: 1/1
   362 | D:1      | Reached XP level 2. HP: 23/24 MP: 2/2
   446 | D:1      | You fall through a shaft!
   454 | D:2      | Noticed Robin
   502 | D:2      | Reached XP level 3. HP: 29/29 MP: 3/3
   517 | D:2      | Reached skill level 5 in Polearms
   958 | D:2      | Reached ** piety under Trog
   979 | D:2      | Killed Robin
   979 | D:2      | Reached XP level 4. HP: 35/35 MP: 4/4
  1369 | D:3      | Noticed a centaur
  1771 | D:3      | Reached skill level 6 in Polearms
  1786 | D:3      | Reached XP level 5. HP: 6/41 MP: 5/5
  2182 | D:3      | Killed a centaur
  2432 | D:3      | Reached *** piety under Trog
  2446 | D:3      | Reached XP level 6. HP: 39/48 MP: 6/6
  2661 | D:4      | Reached skill level 7 in Polearms
  2721 | D:4      | Reached XP level 7. HP: 54/54 MP: 7/7
  2789 | D:4      | Found a bloodstained altar of Trog.
  2919 | D:4      | Reached skill level 5 in Dodging
  3266 | D:4      | Found a staircase to the Ecumenical Temple.
  3347 | D:4      | Reached skill level 8 in Polearms
  3465 | D:4      | Reached **** piety under Trog
  3505 | D:4      | Found a deep blue altar of Sif Muna.
  3573 | D:5      | Entered Level 5 of the Dungeon
  3573 | D:5      | Noticed Menkaure
  3577 | D:5      | Killed Menkaure
  3577 | D:5      | Reached skill level 5 in Fighting
  3582 | D:5      | Reached XP level 8. HP: 62/62 MP: 8/8
  3952 | D:5      | Noticed Grinder
  3966 | D:5      | Killed Grinder
  3966 | D:5      | Reached skill level 9 in Polearms
  4439 | D:6      | Found Umit's Antique Armour Boutique.
  4621 | D:6      | Reached skill level 10 in Polearms
  4621 | D:6      | Reached XP level 9. HP: 66/69 MP: 9/9
  4905 | D:6      | Reached skill level 5 in Armour
  5089 | D:6      | Reached ***** piety under Trog
  5331 | D:7      | Reached skill level 11 in Polearms
  5536 | D:7      | Gained mutation: Your magical capacity is low (-10% MP). [mutagenic meat]
  5537 | D:7      | Gained mutation: You passively map a small area around you. [mutagenic meat]
  5538 | D:7      | Gained mutation: Your flesh is heat resistant. [mutagenic meat]
  5539 | D:7      | Gained mutation: Armour fits poorly on your strangely shaped body. [mutagenic meat]
  5540 | D:7      | Gained mutation: You are weak. (Str -2) [mutagenic meat]
  5541 | D:7      | Lost mutation: You are weak. (Str -2) [mutagenic meat]
  6519 | D:8      | Found a shattered altar of Ashenzari.
  6567 | D:8      | Noticed Erica
  6582 | D:8      | Killed Erica
  6582 | D:8      | Reached skill level 12 in Polearms
  6582 | D:8      | Reached skill level 1 in Shields
  6582 | D:8      | Reached skill level 1 in Evocations
  6582 | D:8      | Reached XP level 10. HP: 79/79 MP: 8/9
  7172 | D:8      | Reached skill level 1 in Stealth
  7717 | D:9      | Found a staircase to the Lair.
  7800 | D:9      | Noticed Psyche
  7813 | D:9      | Killed Psyche
  7882 | D:9      | Received a gift from Trog
  7901 | D:9      | Got an iridescent trident {god gift}
  7913 | D:9      | Identified the +7 trident of Trog's Delight {pierce, rPois rF++ Dex-5 SInv} (Trog gifted it to you on level 9 of the Dungeon)
  7982 | D:9      | Noticed Grum
  7998 | D:9      | Killed Grum
  8957 | D:9      | Reached XP level 11. HP: 86/86 MP: 11/11
  9009 | D:10     | Entered Level 10 of the Dungeon
  9361 | D:10     | Reached skill level 13 in Polearms
  9997 | D:11     | Received a gift from Trog
 10109 | D:11     | Noticed a cyan ugly thing
 10117 | D:11     | Killed a cyan ugly thing
 10717 | D:11     | Gained mutation: You possess an exceptional clarity of mind. [potion of mutation]
 10717 | D:11     | Gained mutation: Potions and wands are less effective at restoring your health. [potion of mutation]
 10718 | D:11     | Lost mutation: Potions and wands are less effective at restoring your health. [potion of mutation]
 10718 | D:11     | Lost mutation: Your flesh is heat resistant. [potion of mutation]
 10718 | D:11     | Gained mutation: You are robust (+10% HP). [potion of mutation]
 10796 | Lair:1   | Entered Level 1 of the Lair of Beasts
 10876 | Lair:1   | Reached skill level 5 in Stealth
 11035 | Lair:1   | Noticed Fannar
 11062 | Lair:1   | Killed Fannar
 11843 | Lair:2   | Reached XP level 12. HP: 98/103 MP: 13/13
 11872 | Lair:2   | Reached skill level 14 in Polearms
 11872 | Lair:2   | Reached skill level 10 in Dodging
 12163 | Lair:2   | Reached ****** piety under Trog
 12678 | Lair:3   | Received a gift from Trog
 13152 | Lair:4   | Noticed a six-headed hydra
 13375 | Lair:4   | Killed a six-headed hydra
 13489 | Lair:4   | Reached skill level 5 in Shields
 13710 | Lair:4   | Reached skill level 5 in Evocations
 14430 | Lair:5   | Found a staircase to the Swamp.
 14445 | Lair:5   | Reached skill level 15 in Polearms
 14505 | Lair:5   | Received a gift from Trog
 14516 | Lair:5   | Reached XP level 13. HP: 105/111 MP: 15/15
 14609 | Lair:5   | Noticed Kirke
 14644 | Lair:5   | Killed Kirke
 15164 | Lair:5   | Found a hole to the Spider Nest.
 15631 | Lair:6   | Found a shattered altar of Ashenzari.
 16304 | Lair:7   | Found a frozen archway.
 16350 | IceCv    | Entered an ice cave
 17150 | IceCv    | Reached skill level 16 in Polearms
 17261 | IceCv    | Reached skill level 10 in Fighting
 17342 | IceCv    | Got a translucent cloak
 17354 | IceCv    | Identified the +1 cloak of Inviolability {rF+ Dex-3 SInv} (You found it in an ice cave)
 17613 | Lair:7   | Reached XP level 14. HP: 102/121 MP: 16/16
 17723 | Lair:7   | Received a gift from Trog
 17794 | Lair:7   | Reached skill level 10 in Stealth
 17993 | Lair:7   | Found an ancient bone altar of Kikubaaqudgha.
 18292 | Lair:8   | Entered Level 8 of the Lair of Beasts
 18305 | Lair:8   | Found a labyrinth entrance.
 18313 | Lab      | Entered a labyrinth
 18371 | Lab      | Got a scintillating turquoise ring
 18384 | Lab      | Identified the ring "Biot Xal" {Int+4 Stlth+} (You found it in a labyrinth)
 18928 | Lair:8   | Reached skill level 1 in Invocations
 19050 | Lair:8   | Found a viscous altar of Jiyva.
 19050 | Lair:8   | Found a staircase to the Slime Pits.
 20156 | Lair:8   | Noticed a dire elephant
 20169 | Lair:8   | Reached skill level 17 in Polearms
 20187 | Lair:8   | Killed a dire elephant
 20302 | Lair:8   | Received a gift from Trog
 20414 | Lair:8   | Reached XP level 15. HP: 128/128 MP: 18/18
 21264 | D:12     | Identified a +1 pair of boots of running (You found it on level 12 of the Dungeon)
 21411 | D:12     | Found a staircase to the Orcish Mines.
 21468 | D:12     | Received a gift from Trog
 21554 | D:12     | Reached skill level 10 in Armour
 21720 | D:12     | Identified a scroll of acquirement
 21962 | D:13     | Found a corrupted altar of Lugonu.
 22415 | D:13     | HP: 6/128 [freezing wraith[a death knight] (17)]
 22884 | D:13     | Reached skill level 5 in Invocations
 23243 | D:13     | Found a gate to the Vaults.
 23286 | D:13     | Found Berefad's Assorted Antiques.
 24237 | D:14     | Received a gift from Trog
 24761 | D:14     | Found an opulent altar of Gozag.
 24898 | Orc:1    | Entered Level 1 of the Orcish Mines
 24957 | Orc:1    | Noticed Snorg
 24993 | Orc:1    | Killed Snorg
 25367 | Orc:1    | Found a burning altar of Makhleb.
 25588 | Orc:1    | Reached skill level 18 in Polearms
 25870 | Orc:2    | Entered Level 2 of the Orcish Mines
 26096 | Orc:2    | Noticed dadoka's ghost (journeyman DsGl)
 26109 | Orc:2    | Found a staircase to the Elven Halls.
 26411 | Orc:1    | Noticed an orc warlord
 26427 | Orc:1    | Killed an orc warlord
 26427 | Orc:1    | Reached XP level 16. HP: 115/137 MP: 19/19
 26606 | Orc:2    | Killed dadoka's ghost
 26785 | Orc:2    | Received a gift from Trog
 27217 | Orc:2    | HP: 5/137 [orc high priest/divine providence (12)]
 27858 | Orc:2    | Found Ucasch's Assorted Antiques.
 27858 | Orc:2    | Found Samuy's Antique Armour Boutique.
 27860 | Orc:2    | Found Genoyhut's Distillery.
 27860 | Orc:2    | Found Vyro's Food Boutique.
 27884 | Orc:2    | Bought a scroll of teleportation for 84 gold pieces
 27885 | Orc:2    | Bought a potion of heal wounds for 90 gold pieces
 27892 | Orc:2    | Bought a phial of floods for 1120 gold pieces
 28239 | Swamp:1  | Entered Level 1 of the Swamp
 28345 | Swamp:1  | Lost mutation: Armour fits poorly on your strangely shaped body. [potion of cure mutation]
 28398 | Swamp:1  | Found an oddly glowing altar of Pakellas.
 29116 | Swamp:1  | Noticed a thorn hunter
 29129 | Swamp:1  | Killed a thorn hunter
 30241 | Swamp:3  | Received a gift from Trog
 30540 | Swamp:3  | Noticed a thorn hunter
 30559 | Swamp:3  | Killed a thorn hunter
 30745 | Swamp:3  | Noticed a thorn hunter
 30763 | Swamp:3  | Killed a thorn hunter
 31762 | Swamp:4  | Entered Level 4 of the Swamp
 31801 | Swamp:4  | Got a wavering golden amulet
 31802 | Swamp:4  | Identified the amulet "Fixkam" {Gourm rF+ rN++} (You found it on level 4 of the Swamp)
 32189 | Swamp:4  | Reached skill level 19 in Polearms
 32443 | Swamp:4  | Reached XP level 17. HP: 142/144 MP: 21/21
 32477 | Swamp:4  | Received a gift from Trog
 33614 | Swamp:4  | Noticed the 27-headed Lernaean hydra
 33826 | Swamp:4  | Killed the 27-headed Lernaean hydra
 34158 | Swamp:4  | Got a spiked helmet
 34200 | Swamp:4  | Got a decaying rune of Zot
 34242 | Swamp:4  | Identified the cursed -5 helmet of True Grit {rC- MP-9 Int+5 Dex+8} (You found it on level 4 of the Swamp)
 34451 | Swamp:4  | Gained mutation: You are partially covered in molten scales (AC +1). [potion of beneficial mutation]
 34795 | D:15     | Entered Level 15 of the Dungeon
 35069 | D:15     | Received a gift from Trog
 35080 | D:15     | Found a shattered altar of Ashenzari.
 35210 | D:15     | Found a staircase to the Depths.
 35563 | D:15     | Found Xumyrphot's Antique Armour Shop.
 36137 | Vaults:1 | Entered Level 1 of the Vaults
 36966 | Vaults:1 | Paralysed by a great orb of eyes for 7 turns
 37395 | Vaults:1 | Found Miwkeo's Weapon Emporium.
 37622 | Vaults:1 | Reached XP level 18. HP: 154/154 MP: 22/22
 37728 | Vaults:1 | Received a gift from Trog
 37737 | Vaults:1 | Reached skill level 15 in Stealth
 38028 | Vaults:1 | Reached skill level 20 in Polearms
 38055 | Vaults:1 | Reached skill level 10 in Invocations
 38735 | Vaults:1 | Received a gift from Trog
 39045 | Elf:1    | Entered Level 1 of the Elven Halls
 39069 | Elf:1    | Found a radiant altar of Vehumet.
 39219 | Elf:1    | Identified the Incunabulum of Creation
 39827 | Elf:1    | Reached skill level 10 in Shields
 40261 | Elf:1    | Found a radiant altar of Vehumet.
 41548 | Elf:2    | Found a runed gate.
 41548 | Elf:2    | Found a runed gate.
 41548 | Elf:2    | Found a runed gate.
 41570 | Elf:2    | Found Dise Sas's Distillery.
 41578 | Elf:2    | Bought a potion of curing for 36 gold pieces
 41578 | Elf:2    | Bought a potion of curing for 36 gold pieces
 41578 | Elf:2    | Bought a potion of curing for 36 gold pieces
 41578 | Elf:2    | Bought a potion of magic for 96 gold pieces
 41578 | Elf:2    | Bought a potion of curing for 36 gold pieces
 41578 | Elf:2    | Bought a potion of heal wounds for 60 gold pieces
 41747 | Elf:3    | Entered Level 3 of the Elven Halls
 41816 | Elf:3    | Received a gift from Trog
 42457 | Elf:3    | Reached XP level 19. HP: 153/162 MP: 24/24
 43197 | Elf:3    | Noticed Aizul
 43197 | Elf:3    | HP: 8/162 [deep elf master archer/arrow (15)]
 43624 | Elf:3    | Reached skill level 10 in Evocations
 43920 | Elf:3    | Reached skill level 21 in Polearms
 44029 | Elf:3    | Reached skill level 15 in Dodging
 44293 | Elf:3    | HP: 3/162 [deep elf master archer/arrow (23)]
 45842 | Temple   | Entered the Ecumenical Temple
 45945 | Temple   | Fell from the grace of Trog
 45945 | Temple   | Became a worshipper of the Shining One
 47310 | Vaults:2 | Reached * piety under the Shining One
 47500 | Vaults:2 | Reached ** piety under the Shining One
 48056 | Vaults:2 | Reached XP level 20. HP: 118/171 MP: 26/26
 49577 | Vaults:3 | Found a magical portal.
 49586 | WizLab   | Entered Doroklohe's Tomb
 49611 | WizLab   | Reached *** piety under the Shining One
 49647 | WizLab   | Lost mutation: You are robust (+10% HP). [a cacodemon]
 49696 | WizLab   | Got a distressingly furry hat
 49698 | WizLab   | Identified the +2 hat "Lyipy Raumu" {rPois rF+ MR+} (You acquired it in a wizard's laboratory)
 49818 | WizLab   | Paralysed by Trog for 6 turns
 49878 | WizLab   | HP: 3/157 [lorocyproca (22)]
 49878 | WizLab   | Annihilated by a reaper

Skill      XL: |  1  2  3  4  5  6  7  8  9 10 11 12 13 14 15 16 17 18 19 20 |
---------------+-------------------------------------------------------------+-----
Dodging        | 3 4 5 6 8 9 10 11 12 13 14 15 | 15.6
Polearms       | 5 6 7 8 10 12 13 15 16 17 18 19 20 21 | 21.9
Armour         | 2 3 4 6 7 8 9 10 11 12 13 | 13.2
Fighting       | 4 5 6 7 8 9 10 11 12 13 | 13.5
Shields        | 1 2 4 5 6 7 8 9 10 11 | 11.4
Evocations     | 1 2 4 5 6 7 8 9 10 | 10.9
Stealth        | 3 6 8 9 11 12 13 14 15 | 15.4
Invocations    | 3 6 8 9 11 12 13 | 13.1

Action                   |  1- 3 |  4- 6 |  7- 9 | 10-12 | 13-15 | 16-18 | 19-21 || total
-------------------------+-------+-------+-------+-------+-------+-------+-------++-------
Melee: Spear             |   115 |   236 |   605 |   228 |       |       |       ||  1184
       Halberd           |       |       |     8 |       |       |       |       ||     8
       Trident           |       |       |       |   739 |  1846 |  2159 |  1189 ||  5933
       Tailslap          |       |       |       |     1 |       |    66 |     2 ||    69
Invok: Berserk           |     1 |     5 |     7 |     5 |    10 |     6 |     1 ||    35
       Brothers in Arms  |       |       |     1 |       |     1 |    19 |     3 ||    24
       Burn Spellbooks   |       |       |     1 |     2 |     1 |     6 |     3 ||    13
       Trog's Hand       |       |       |       |       |     6 |    15 |     6 ||    27
       Divine Shield     |       |       |       |       |       |       |     4 ||     4
Evoke: Sack of spiders   |       |       |       |     7 |     4 |       |       ||    11
       Box of beasts     |       |       |       |     1 |       |       |       ||     1
       Wand              |       |       |       |       |     3 |     1 |     8 ||    12
       Phial of floods   |       |       |       |       |       |       |     1 ||     1
  Use: Scroll            |       |       |    13 |     7 |     8 |    26 |    10 ||    64
       Potion            |       |       |       |     2 |     2 |     3 |     3 ||    10
 Stab: Sleeping          |     1 |       |       |    33 |    43 |     3 |     2 ||    82
       Distracted        |       |       |       |     6 |    17 |     6 |     1 ||    30
       Invisible         |       |       |       |     1 |       |       |       ||     1
       Held in net/web   |       |       |       |       |     1 |       |       ||     1
       Petrified         |       |       |       |       |     3 |       |       ||     3
       Confused          |       |       |       |       |       |     3 |       ||     3
  Eat: Chunk             |       |     9 |    26 |    31 |    31 |    46 |    31 ||   174
       Royal jelly       |       |     1 |       |       |     8 |     5 |       ||    14
       Pizza             |       |       |     1 |       |       |     4 |       ||     5
       Bread ration      |       |       |       |       |     1 |       |       ||     1
       Fruit             |       |       |       |       |       |     1 |       ||     1
Armor: Ring mail         |    17 |    48 |    31 |       |       |       |       ||    96
       Animal skin       |     1 |       |       |       |       |       |       ||     1
       Chain mail        |       |       |    78 |       |       |       |       ||    78
       Steam dragon armo |       |       |     7 |    71 |   265 |    55 |       ||   398
       Plate armour      |       |       |       |       |       |   653 |   345 ||   998
Dodge: Dodged            |    24 |    99 |   200 |   334 |   626 |   782 |   386 ||  2451
Block: Other             |    10 |    22 |    29 |    28 |       |       |       ||    89
       Buckler           |       |       |       |   120 |   450 |   493 |   329 ||  1392
       Reflection        |       |       |       |       |    19 |     4 |       ||    23
